 Dungeon Crawl Stone Soup version 0.24-a0-264-gf46a388 (webtiles) character file.

Game seed: 296555876845538139

22676 vorskei the Earth Mage (level 13, -5/76 HPs)
             Began as a Gargoyle Earth Elementalist on Apr 19, 2019.
             Was an Elder of Vehumet.
             Slain by a death yak (15 damage)
             ... led by a torpor snail
             ... on level 4 of the Lair of Beasts on Apr 20, 2019.
             The game lasted 01:27:47 (18016 turns).

vorskei the Earth Mage (GrEE)                      Turns: 18016, Time: 01:27:48

Health: -5/76      AC: 17    Str: 16    XL:     13   Next: 1%
Magic:  24/25      EV: 11    Int: 13    God:    Vehumet [****..]
Gold:   703        SH:  6    Dex:  8    Spells: 13/28 levels left

rFire    . . .     SeeInvis .   o - +12 flail "Giolaha" {distort, MR+ Int-5 Dex+4}
rCold    . . .     Gourm    .   U - +2 buckler
rNeg     + . .     Faith    .   R - +3 leather armour
rPois    ∞         Spirit   .   l - +1 hat {MR+}
rElec    +         Reflect  .   (no cloak)
rCorr    .         Harm     .   m - +0 pair of gloves
MR       ++...                  v - +0 pair of boots
Stlth    +.........             (no amulet)
HPRegen  0.22/turn              g - +3 ring of strength
MPRegen  0.19/turn              I - -4 ring of dexterity (curse)

@: very slightly contaminated
A: clumsy 1, deformed body, dopey 1, negative energy resistance 1, screaming 1,
electricity resistance, unbreathing, petrification resistance, rot immunity, AC
+9
a: Renounce Religion


You were on level 4 of the Lair of Beasts.
You worshipped Vehumet.
Vehumet was greatly pleased with you.
You were not hungry.

You visited 3 branches of the dungeon, and saw 14 of its levels.

You collected 703 gold pieces.

Inventory:

Hand Weapons
 o - the +12 flail "Giolaha" (weapon) {distort, MR+ Int-5 Dex+4}
   (You found it on level 3 of the Lair of Beasts)

   It warps and distorts space around it.
   Unwielding it can cause banishment or high damage.
   It affects your intelligence (-5).
   It affects your dexterity (+4).
   It affects your resistance to hostile enchantments.
 u - a +0 shortbow
 S - a cursed +4 dire flail
Missiles
 j - 80 poisoned needles
 k - 297 arrows
 w - 58 bolts
 y - 80 sling bullets
 V - 58 stones (quivered)
 X - 2 throwing nets
Armour
 e - a +1 plate armour of cold resistance
 l - a +1 hat of magic resistance (worn)
 m - a +0 pair of gloves (worn)
 v - a +0 pair of boots (worn)
 A - a +2 robe of resistance
 R - a +3 leather armour (worn)
 U - a +2 buckler (worn)
Magical Staves
 W - an uncursed staff of cold
Jewellery
 a - an uncursed ring of fire
 g - a +3 ring of strength (left hand)
 z - an uncursed ring of protection from fire
 H - a cursed -2 ring of protection
 I - a cursed -4 ring of dexterity (right hand)
 K - an uncursed ring of wizardry
 O - an uncursed ring of flight
 T - a +4 ring of protection
 Y - a +1 ring of evasion {unknown}
Wands
 b - a wand of flame (23)
 c - a wand of random effects (21)
 E - a wand of scattershot (4)
 P - a wand of digging (5)
 Q - a wand of iceblast (19)
Scrolls
 f - 5 scrolls of enchant weapon
 n - a scroll of fog
 q - 3 scrolls of enchant armour
 r - 5 scrolls of fear
 t - 13 scrolls of teleportation
 D - 2 scrolls of blinking
 F - a scroll of immolation
 M - a scroll of amnesia
Potions
 h - 2 potions of curing
 i - 2 potions of magic
 p - a potion of haste
 s - 2 potions of cancellation
 x - 2 potions of mutation
 C - a potion of heal wounds
 G - 2 potions of lignification
 J - a potion of resistance
 L - 2 potions of agility
 N - a potion of flight
 Z - a potion of might
Comestibles
 d - 40 rations
 B - 6 chunks of flesh


   Skills:
 - Level 7.0 Fighting
 - Level 7.0 Maces & Flails
 - Level 2.0 Armour
 - Level 1.5 Dodging
 - Level 2.2 Stealth
 - Level 4.0 Shields
 + Level 8.3 Spellcasting
 - Level 6.0 Conjurations
 - Level 5.0 Summonings
 - Level 0.7 Transmutations
 - Level 4.5 Air Magic
 - Level 15.5 Earth Magic


You had 13 spell levels left.
You knew the following spells:

 Your Spells              Type           Power        Failure   Level  Hunger
a - Passwall              Tmut/Erth      ####....     1%          2    None
e - Lee's Rapid Deconstr  Erth           #####.....   1%          5    #####..
q - Sandblast             Erth           #####.       1%          1    None
s - Summon Lightning Spi  Summ/Air       ###.....     22%         4    ####...
w - Stone Arrow           Conj/Erth      ####..       1%          3    ##.....

Your spell library contained the following spells:

 Spells                   Type           Power        Failure   Level  Hunger
 Bolt of Magma            Conj/Fire/Erth ###.......   7%          5    #####..
 Summon Small Mammal      Summ           ###.         1%          1    None
 Call Imp                 Summ           ###.....     3%          2    None
 Dazzling Spray           Conj/Hex       ##....       4%          3    ##.....
 Call Canine Familiar     Summ           ###.....     6%          3    ##.....
 Petrify                  Tmut/Erth      ####....     6%          4    ####...
 Animate Skeleton         Necr           N/A          17%         1    None
 Corona                   Hex            #......      17%         1    None
 Pain                     Necr           #...         17%         1    None
 Summon Guardian Golem    Hex/Summ       ##......     17%         3    ##.....
 Ensorcelled Hibernation  Hex/Ice        #.....       26%         2    None
 Confuse                  Hex            #.......     45%         3    ##.....
 Regeneration             Chrm/Necr      #.........   45%         3    ##.....
 Tukima's Dance           Hex            #.......     45%         3    ##.....
 Vampiric Draining        Necr           #.........   45%         3    ##.....
 Summon Ice Beast         Ice/Summ       ##......     50%         4    ####...
 Animate Dead             Necr           N/A          86%         4    ####...


Dungeon Overview and Level Annotations

Branches:
Dungeon (9/15)             Temple (1/1) D:5            Lair (4/6) D:8
  Swamp (0/4) Lair:4        Snake (0/4) Lair:4          Orc (0/2) D:9

Altars:
Ashenzari
Cheibriados
Dithmenos
Fedhas
Gozag
Hepliaklqana
Kikubaaqudgha
Makhleb
Nemelex Xobeh
Okawaru
Qazlal
Ru
Sif Muna
Trog
Uskayaw
Vehumet
Wu Jian
Xom
Yredelemnul
Zin
The Shining One
Beogh

Shops:
D:9 (

Annotations:
D:6 5 runed translucent doors
D:7 1 runed translucent door, Allah's ghost, novice DsFi
D:8 1 runed translucent door, drock42's ghost, novice TeAE
Lair:3 Urug


Innate Abilities, Weirdness & Mutations

You are resistant to torment.
Your stone body is resilient. (AC +9)
You are immune to poison.
You resist negative energy. (rN+)
You are resistant to electric shocks. (rElec)
You can survive without breathing.
You are immune to petrification.
You are immune to rotting.
You are clumsy. (Dex -2)
Armour fits poorly on your strangely shaped body.
You are dopey. (Int -2)
You occasionally shout uncontrollably at your foes.


Message History

Confirm with . or Enter, or press ? or * to list all spells.
Aiming: Lee's Rapid Deconstruction (safe; 1% risk of failure)
Press: ? - help, Dir - move target cursor A rock wall.
Okay, then.
Things that are here:
a +0 trident; a +0 robe
Casting: Lee's Rapid Deconstruction (safe; 1% risk of failure)
Confirm with . or Enter, or press ? or * to list all spells.
Aiming: Summon Lightning Spire (slightly dangerous; 22% risk of failure)
Press: ? - help, Dir - move target cursor An electric hum fills the air.
There is a stone staircase leading up here.
You climb upwards.
Level annotation: Urug
There is a stone staircase leading down here.
You climb downwards.
You block the death yak's attack.
There is a stone staircase leading up here.
The death yak gores you!
You die...

...# ##.P≈♣♣ ♣≈≈P#..........
...##...≈≈♣♣♣♣≈PP#.....÷...# ...
......≈≈≈♣♣P≈≈.#..#8.....# .....
##....P≈≈≈≈PP.≈..........# ....#
#......≈P.P...............
....####P.....P...........#.#)...
#....#.................#P...##...
#....#.#........Y.##..##...###..
###.............@Y.....####.####.
#P........P#......######♣ ≈.≈.≈##
[.......#....>....###.#≈♣♣≈.P≈♣.#
##.<..#...........##..#≈≈♣♣.♣♣.♣#
##...###.............#≈≈♣...♣PP#
#.....#....##......#......>.....
###........#......#####.≈♣...♣≈P#
#.....P...####...... #♣.♣♣.♣♣≈♣#
#.......#.###.##..## ≈≈♣≈.P≈.≈#


You could see 2 death yaks.

Vanquished Creatures
  Gastronok (Lair:3)
  3 hydras
  A two-headed ogre (D:9)
  2 death yaks
  An ugly thing (D:8)
  Joseph (D:9)
  4 spiny frogs
  2 komodo dragons
  A queen bee (Lair:1)
  A polar bear (Lair:3)
  9 blink frogs
  5 hippogriffs
  A basilisk (Lair:4)
  3 hogs (D:7)
  A wyvern (Lair:3)
  25 yaks
  A human (D:7)
  A naga (Lair:4)
  9 water moccasins
  2 porcupines
  5 orc warriors
  2 black bears
  3 ice beasts
  3 phantoms
  4 ogres
  The ghost of Arielle the Covered, an amateur HuFi (D:5)
  2 centaurs (D:8)
  4 crocodiles
  A big kobold (D:7)
  7 bullfrogs
  4 scorpions
  28 killer bees
  2 howler monkeys
  5 wights (D:9)
  2 electric eels (Lair:4)
  7 crimson imps
  4 bullfrog zombies
  2 hounds
  7 orc priests
  2 centaur skeletons
  6 orc wizards
  A bullfrog skeleton (D:9)
  2 jellies
  3 worker ants (D:4)
  A hound skeleton (D:4)
  4 gnolls (D:8)
  12 adders
  2 shadow imps
  4 worms (D:2)
  2 dart slugs
  4 leopard geckos
  39 orcs
  8 giant cockroaches
  6 goblins
  8 hobgoblins
  15 jackals
  4 quokkas
  4 bats
  5 frilled lizards
  A jackal skeleton (D:8)
  11 kobolds
  8 rats
319 creatures vanquished.

Vanquished Creatures (collateral kills)
  A blink frog (Lair:1)
  A naga (Lair:4)
  A porcupine (Lair:1)
3 creatures vanquished.

Vanquished Creatures (others)
  A komodo dragon (Lair:3)
  A fungus (Lair:1)
2 creatures vanquished.

Grand Total: 324 creatures vanquished

Notes
Turn   | Place    | Note
-------+----------+-------------------------------------------
     0 | D:1      | vorskei the Gargoyle Earth Elementalist began the quest for
                  | the Orb.
     0 | D:1      | Reached XP level 1. HP: 10/10 MP: 3/3
    77 | D:1      | Reached skill level 4 in Earth Magic
   100 | D:1      | Reached XP level 2. HP: 5/15 MP: 1/5
  1082 | D:2      | Reached skill level 5 in Earth Magic
  1082 | D:2      | Reached XP level 3. HP: 19/19 MP: 3/6
  1139 | D:2      | Learned a level 3 spell: Stone Arrow
  1160 | D:2      | Reached XP level 4. HP: 23/24 MP: 3/7
  1471 | D:2      | Reached skill level 6 in Earth Magic
  1711 | D:2      | Reached XP level 5. HP: 26/28 MP: 3/9
  2695 | D:3      | Found a shattered altar of Ashenzari.
  2706 | D:3      | Found a basalt altar of Yredelemnul.
  2969 | D:4      | Reached skill level 7 in Earth Magic
  2969 | D:4      | Reached XP level 6. HP: 24/32 MP: 10/10
  3328 | D:5      | Entered Level 5 of the Dungeon
  3614 | D:5      | Reached skill level 1 in Fighting
  3614 | D:5      | Reached skill level 1 in Shields
  3676 | D:5      | Found an ornate altar of the Wu Jian Council.
  3840 | D:5      | Reached XP level 7. HP: 35/40 MP: 11/11
  3872 | D:5      | Found a runed translucent door.
  3874 | D:5      | Noticed Arielle's ghost (amateur HuFi)
  3900 | D:5      | Reached skill level 8 in Earth Magic
  4152 | D:5      | Found a staircase to the Ecumenical Temple.
  4164 | Temple   | Entered the Ecumenical Temple
  4309 | Temple   | Became a worshipper of Vehumet
  4440 | D:5      | Found a shadowy altar of Dithmenos.
  4868 | D:4      | Reached skill level 9 in Earth Magic
  4868 | D:4      | Reached XP level 8. HP: 44/44 MP: 6/12
  5003 | D:6      | Found the +9 staff of Olgreb {rPois}
  5023 | D:6      | Found a runed translucent door.
  5041 | D:6      | Learned a level 5 spell: Lee's Rapid Deconstruction
  5082 | D:6      | Found a runed translucent gate.
  5084 | D:6      | Found a runed translucent door.
  5204 | D:6      | Found a runed translucent gate.
  5204 | D:6      | Found a runed translucent gate.
  5853 | D:7      | Found a runed translucent door.
  5856 | D:7      | Reached * piety under Vehumet
  5856 | D:7      | Offered knowledge of Shock by Vehumet.
  5856 | D:7      | Reached skill level 10 in Earth Magic
  5997 | D:7      | Noticed a hippogriff
  6004 | D:7      | Killed a hippogriff
  6004 | D:7      | Reached skill level 11 in Earth Magic
  6128 | D:7      | Found a hide-covered altar of Uskayaw.
  6131 | D:7      | Reached XP level 9. HP: 51/51 MP: 10/14
  6237 | D:7      | Reached skill level 12 in Earth Magic
  6592 | D:7      | Found a stormy altar of Qazlal.
  6631 | D:7      | Found a bloodstained altar of Trog.
  6632 | D:7      | Found a shimmering altar of Xom.
  6633 | D:7      | Found an iron altar of Okawaru.
  6633 | D:7      | Found a deep blue altar of Sif Muna.
  6637 | D:7      | Reached skill level 1 in Conjurations
  6866 | D:7      | Noticed Allah's ghost (novice DsFi)
  7231 | D:8      | Offered knowledge of Magic Dart by Vehumet.
  7235 | D:8      | Reached ** piety under Vehumet
  7251 | D:8      | Reached skill level 13 in Earth Magic
  7518 | D:8      | Reached XP level 10. HP: 33/58 MP: 6/16
  7748 | D:8      | Noticed a death yak
  7748 | D:8      | Noticed a death yak
  7748 | D:8      | Noticed a death yak
  7810 | D:9      | Reached skill level 5 in Fighting
  7866 | D:9      | Found a roughly hewn altar of Beogh.
  7866 | D:9      | Found a staircase to the Orcish Mines.
  7887 | D:9      | HP: 1/59 [death yak (12)]
  7900 | D:9      | Noticed Joseph
  7940 | D:8      | Learned a level 2 spell: Passwall
  8227 | D:8      | Noticed a green ugly thing
  8234 | D:8      | Killed a green ugly thing
  8271 | D:8      | Found a staircase to the Lair.
  8271 | D:8      | Noticed a death yak
  8272 | D:8      | Noticed a death yak
  8273 | D:8      | Noticed a death yak
  8426 | D:8      | Found a runed translucent door.
  8428 | D:8      | Found a shimmering altar of Xom.
  8428 | D:8      | Noticed drock42's ghost (novice TeAE)
  8429 | D:8      | Noticed a +0 long sword of chaos
  8696 | D:5      | Killed Arielle's ghost
  9234 | D:9      | Found Carurphuh's Antique Weapon Shop.
  9315 | D:9      | Reached skill level 14 in Earth Magic
  9375 | D:9      | Offered knowledge of Throw Flame by Vehumet.
  9413 | D:9      | Learned a level 4 spell: Summon Lightning Spire
  9440 | D:9      | Reached skill level 1 in Summonings
  9440 | D:9      | Reached skill level 1 in Air Magic
  9519 | D:9      | Noticed a two-headed ogre
  9543 | D:9      | Killed a two-headed ogre
  9753 | D:9      | Reached *** piety under Vehumet
 10179 | D:7      | Killed a death yak
 11018 | D:9      | Killed a death yak
 11018 | D:9      | Reached skill level 5 in Spellcasting
 11018 | D:9      | Reached XP level 11. HP: 35/64 MP: 10/18
 11244 | D:9      | Killed Joseph
 11423 | D:9      | Offered knowledge of Mephitic Cloud by Vehumet.
 11927 | Lair:1   | Entered Level 1 of the Lair of Beasts
 12115 | Lair:1   | Reached skill level 1 in Armour
 12784 | Lair:1   | Reached **** piety under Vehumet
 12829 | Lair:1   | Reached skill level 5 in Summonings
 13189 | Lair:1   | Offered knowledge of Bolt of Magma by Vehumet.
 13701 | Lair:1   | Reached skill level 5 in Conjurations
 13814 | Lair:1   | Reached skill level 15 in Earth Magic
 13890 | Lair:1   | Reached XP level 12. HP: 32/71 MP: 7/21
 14197 | Lair:2   | Noticed a five-headed hydra
 14202 | Lair:2   | Killed a five-headed hydra
 14210 | Lair:2   | Upgraded the game from 0.24-a0-263-gbee43f9 to
                  | 0.24-a0-264-gf46a388
 15388 | Lair:3   | Noticed a five-headed hydra
 15394 | Lair:3   | Killed a five-headed hydra
 15526 | Lair:3   | Got a crude flail
 15534 | Lair:3   | Identified the +12 flail "Giolaha" {distort, MR+ Int-5
                  | Dex+4} (You found it on level 3 of the Lair of Beasts)
 15560 | Lair:3   | Noticed Gastronok
 15579 | Lair:3   | Reached skill level 1 in Maces & Flails
 15583 | Lair:3   | Killed Gastronok
 15644 | Lair:3   | Reached skill level 5 in Maces & Flails
 15901 | Lair:3   | Noticed Urug
 15972 | Lair:3   | Noticed a five-headed hydra
 15981 | Lair:3   | HP: 3/71 [five-headed hydra (3)]
 16320 | Lair:3   | Killed a five-headed hydra
 16467 | Lair:3   | Gained mutation: You occasionally shout uncontrollably at
                  | your foes. [mutagenic glow]
 16498 | Lair:3   | Gained mutation: You are clumsy. (Dex -2) [mutagenic glow]
 16529 | Lair:3   | Gained mutation: You are dopey. (Int -2) [mutagenic glow]
 16581 | Lair:3   | Gained mutation: Armour fits poorly on your strangely
                  | shaped body. [mutagenic glow]
 17675 | Lair:4   | Found a staircase to the Swamp.
 17743 | Lair:4   | Found a staircase to the Snake Pit.
 17812 | Lair:4   | Reached XP level 13. HP: 64/76 MP: 25/25
 17985 | Lair:4   | HP: 3/76 [death yak[a torpor snail] (17)]
 18016 | Lair:4   | Slain by a death yak

Levels and vault maps discovered:
D:1:      elethiomel_arrival_quiet, layout_rooms, minmay_pentomino_r4
D:2:      layout_rooms
D:3:      layout_loops_ring, amethyst_overflow_temple_binary, first_ration
D:4:      minmay_angry_zag, layout_basic
D:5:      layout_loops_ring, kennysheep_mini,
          minmay_temple_entry_gardened_gates, ebering_ghost_sewer_d,
          nicolae_dithmenos_through_a_glass_darkly
D:6:      layout_loops_ring, minmay_guarded_unrand_staff_of_olgreb
D:7:      layout_basic, kennysheep_little_box, eat_drink_and_be_merry_uskayaw,
          grunt_temple_overflow_open, ebering_ghost_inner_flame,
          grunt_livestock, minivault_27
D:8:      layout_basic, dpeg_lair_monsters, ebering_ghost_xom
D:9:      layout_long_grid, david_orc_5, serial_shops, shop,
          minmay_misc_feat_nine_boxes, uniq_joseph
Temple:   nicolae_temple_figure_eight
Lair:1:   layout_hall_layers, special_room [special_room_bee],
          grunt_megastairs_1, lemuel_fruit_tree
Lair:2:   layout_regular_city, chequers_serial_rivers_micro_d,
          grunt_megastairs_5
Lair:3:   layout_cave_pods, grunt_megastairs_2, uniq_gastronok, uniq_urug
Lair:4:   layout_layer_cave, swamp_mist, guppyfry_snake_entry_garden,
          serial_bayou, serial_bayou_pond_c, serial_bayou_crossing,
          serial_bayou_pond_c, serial_bayou_pond_a, serial_bayou_pond_d,
          serial_bayou_pond_b, serial_bayou_shore_a

Skill      XL: |  1  2  3  4  5  6  7  8  9 10 11 12 |
---------------+-------------------------------------+-----
Earth Magic    | 4 5 6 7 9 11 13 14 15 | 15.5
Spellcasting   | 3 4 5 6 8 |  8.3
Fighting       | 2 3 4 5 6 7 |  7.0
Shields        | 2 4 |  4.0
Conjurations   | 3 4 5 6 |  6.0
Summonings     | 4 5 |  5.0
Air Magic      | 3 4 |  4.5
Armour         | 2 |  2.0
Maces & Flails | 7 |  7.0
Dodging        | |  1.5
Stealth        | |  2.2
Transmutations | |  0.7

Action                   |  1- 3 |  4- 6 |  7- 9 | 10-12 | 13-15 || total
-------------------------+-------+-------+-------+-------+-------++-------
Melee: Dagger            |    11 |       |       |       |       ||    11
       Club              |    41 |    11 |       |       |       ||    52
       Flail             |       |   106 |       |    33 |     4 ||   143
       Falchion          |       |    70 |   123 |   257 |       ||   450
 Cast: Sandblast         |    22 |    38 |    71 |   159 |       ||   290
       Stone Arrow       |     1 |       |       |   123 |       ||   124
       Lee's Rapid Decon |       |       |     9 |    23 |       ||    32
       Passwall          |       |       |       |     6 |       ||     6
       Summon Lightning  |       |       |       |     2 |     2 ||     4
  Use: Scroll            |       |     5 |     5 |    12 |     5 ||    27
       Potion            |       |       |       |     5 |       ||     5
 Stab: Sleeping          |     2 |     1 |       |       |       ||     3
  Eat: Chunk             |     1 |     9 |    11 |    33 |       ||    54
       Ration            |       |       |     1 |     4 |       ||     5
Armor: Robe              |    25 |    84 |       |    33 |       ||   142
       Ring mail         |       |    22 |    24 |       |       ||    46
       Leather armour    |       |       |    65 |   210 |     6 ||   281
       Skin              |       |       |       |     4 |     1 ||     5
Dodge: Dodged            |    31 |   140 |   101 |   273 |     7 ||   552
Block: Buckler           |     5 |    42 |    49 |   164 |     5 ||   265
       Rpst.: Falchion   |       |    11 |    40 |    68 |       ||   119

Table legend:
 A = Non-vault XP
 B = Vault XP
 C = Vault XP percentage of total XP
 D = Non-vault monster count
 E = Vault monster count
 F = Vault count percentage of total count
                 A         B        C        D         E       F
            +---------+---------+-------+---------+---------+-------
      Total |   22317 |   10078 |  31.1 |     250 |      73 |  22.6
            +---------+---------+-------+---------+---------+-------
        D:1 |      28 |       5 |  15.2 |      18 |       3 |  14.3
        D:2 |     178 |       0 |   0.0 |      24 |       0 |   0.0
        D:3 |      31 |       0 |   0.0 |      12 |       0 |   0.0
        D:4 |     396 |      38 |   8.8 |      18 |       3 |  14.3
        D:5 |     583 |     142 |  19.6 |      14 |       3 |  17.6
        D:6 |     430 |       0 |   0.0 |       8 |       0 |   0.0
        D:7 |    1516 |    1846 |  54.9 |      25 |       6 |  19.4
        D:8 |    1668 |     133 |   7.4 |      36 |       1 |   2.7
        D:9 |    2276 |    1915 |  45.7 |      31 |      25 |  44.6
     Lair:1 |    4412 |    2915 |  39.8 |      20 |      26 |  56.5
     Lair:2 |    3255 |       0 |   0.0 |      12 |       0 |   0.0
     Lair:3 |    6748 |    2410 |  26.3 |      24 |       2 |   7.7
     Lair:4 |     796 |     674 |  45.9 |       8 |       4 |  33.3
            +---------+---------+-------+---------+---------+-------
